 Dungeon Crawl Stone Soup version 0.31.0-7-gf635a9b802 (webtiles) character file.

Game seed: 4306382917839390858

441 tsouns the Slasher (level 7, -8/56 HPs)
             Began as a Barachi Berserker on Jan 23, 2024.
             Was a Believer of Trog.
             Mangled by a gnoll
             ... wielding a +0 flail
              (13 damage)
             ... on level 4 of the Dungeon.
             The game lasted 00:05:05 (3514 turns).

tsouns the Slasher (Barachi Berserker)              Turns: 3514, Time: 00:05:06

Health: -8/56      AC:  3    Str: 20    XL:     7   Next: 2%
Magic:  7/7        EV: 13    Int:  7    God:    Trog [**....]
Gold:   140        SH:  0    Dex: 12    Spells: 6/6 levels left

rFire   + . .        a - +0 falchion
rCold   . . .        (no shield)
rNeg    . . .        b - +0 animal skin
rPois   +            e - +0 helmet
rElec   .            (no cloak)
rCorr   .            (no gloves)
SInv    .            (no boots)
Will    .....        (no amulet)
Stlth   +            h - ring of poison resistance
HPRegen 0.29/turn    t - ring of protection from fire
MPRegen 0.10/turn

%: no passive effects
@: slow
A: amphibious, slowness 1, strong legs 1, +LOS
a: Hop, Renounce Religion, Berserk, Trog's Hand


You were on level 4 of the Dungeon.
You worshipped Trog.
Trog was pleased with you.
You visited 1 branch of the dungeon, and saw 4 of its levels.

You collected 140 gold pieces.

Inventory:

Hand Weapons
 a - a +0 falchion (weapon)
Missiles
 l - a throwing net
Armour
 b - a +0 animal skin (worn)
 e - a +0 helmet (worn)
Jewellery
 h - a ring of poison resistance (left hand)
 r - a ring of protection from fire
 t - a ring of protection from fire (right hand)
Talismans
 f - a beast talisman
 g - a serpent talisman
Scrolls
 c - 2 scrolls of blinking {unknown}
 d - 2 scrolls of immolation {unknown}
 i - 7 scrolls of identify {unknown}
 j - a scroll of fear {unknown}
 k - 4 scrolls of enchant armour {unknown}
 m - a scroll of silence {unknown}
 o - 3 scrolls of teleportation {unknown}
 s - a scroll of revelation {unknown}
Potions
 n - 3 potions of curing {unknown}
 p - a potion of resistance {unknown}
 q - a potion of berserk rage


   Skills:
 + Level 5.3 Fighting
 * Level 6.8 Long Blades
 - Level 4.0 Armour
 - Level 3.6 Dodging


You had 6 spell levels left.
You didn't know any spells.
Your spell library was empty.

Dungeon Overview and Level Annotations

Branches:
Dungeon (4/15)
 Temple: D:4-7

Altars:
Cheibriados
Elyvilon
Kikubaaqudgha
Vehumet
The Shining One

Shops:
D:3 :

Annotations:
D:4 2 transporters


Innate Abilities, Weirdness & Mutations

You are amphibious.
You cover ground slowly.
You can hop short distances.
You have an extended range of vision and can be seen from far away.


Message History

The gnoll is lightly wounded.
You hit the gnoll.
The gnoll is moderately wounded.
The gnoll barely misses you.
You completely miss the gnoll.
The gnoll is moderately wounded.
The gnoll hits you but does no damage.
The gnoll hits you from afar with a +0 spear.
You closely miss the gnoll.
The gnoll is moderately wounded.
You closely miss the gnoll.
The gnoll is moderately wounded.
The gnoll hits you but does no damage. The gnoll misses you.
You barely miss the gnoll.
The gnoll is lightly wounded.
The gnoll hits you with a +0 whip. The gnoll misses you.
The gnoll barely misses you.
You barely miss the gnoll.
The gnoll is lightly wounded.
The gnoll closely misses you. x3
You hit the gnoll.
The gnoll is heavily wounded.
The gnoll hits you with a +0 whip. The gnoll hits you with a +0 flail!
The gnoll hits you from afar with a +0 spear.
You are too injured to fight recklessly!
Unknown command.
The gnoll attacks as it pursues you! The gnoll hits you but does no damage.
The gnoll hits you with a +0 whip. The gnoll closely misses you.
The gnoll misses you. The gnoll attacks as it pursues you!
The gnoll closely misses you. The gnoll attacks as it pursues you!
The gnoll hits you from afar with a +0 spear.
The gnoll hits you with a +0 whip. The gnoll attacks as it pursues you!
The gnoll misses you. The gnoll attacks as it pursues you!
The gnoll hits you with a +0 flail!
* * * LOW HITPOINT WARNING * * *
The gnoll hits you with a +0 whip.
* * * LOW HITPOINT WARNING * * *
The gnoll attacks as it pursues you! The gnoll hits you with a +0 flail!
You die...

#......####....# ##.....
#..............## #......
#)...........###.......
#~...................##
#~~†...####..>......##.
##~~..g## ###........#8.
..#≈≈~~.g####..........#$(
#..#~≈~~.g##............#.)
#..#≈~~~..@............©#_$
#..##≈~#..####..........#o$
## #~~.### ####.......#s$
##~# #.......#8. #~
##......##. # ##......##
### ##........ #.#
#......... ##.###.........


You could see 3 gnolls.

Vanquished Creatures
  Menkaure (D:4)
  A scorpion (D:4)
  A sleepcap (D:4)
  An iguana (D:4)
  2 orc wizards (D:3)
  4 gnolls
  An adder (D:3)
  A shadow imp (D:4)
  A white imp (D:3)
  3 ribbon worms
  A dart slug (D:1)
  7 orcs
  5 bats
  7 endoplasms
  2 giant cockroaches
  7 goblins
  4 hobgoblins
  6 jackals
  7 kobolds
  3 quokkas
  4 ball pythons
  4 frilled lizards
  A goblin skeleton (D:3)
  A goblin zombie (D:3)
  A kobold skeleton (D:3)
  2 orc skeletons (D:3)
  An orc zombie (D:3)
  6 rats
85 creatures vanquished.

Notes
Turn   | Place    | Note
-------+----------+-------------------------------------------
     0 | D:1      | tsouns the Barachi Berserker began the quest for the Orb.
     0 | D:1      | Reached XP level 1. HP: 18/18 MP: 1/1
   118 | D:1      | Reached XP level 2. HP: 23/25 MP: 2/2
   185 | D:1      | Reached skill level 4 in Long Blades
   418 | D:1      | Reached XP level 3. HP: 24/30 MP: 3/3
   625 | D:1      | Found a faded altar of an unknown god.
  1075 | D:2      | Reached XP level 4. HP: 36/37 MP: 4/4
  1315 | D:2      | Identified the +0 robe "Xuala" {rElec rCorr}
  1737 | D:3      | Reached ** piety under Trog
  1833 | D:3      | Reached skill level 5 in Long Blades
  1925 | D:3      | Reached XP level 5. HP: 27/43 MP: 5/5
  2153 | D:3      | Found a snail-covered altar of Cheibriados.
  2153 | D:3      | Found an ancient bone altar of Kikubaaqudgha.
  2162 | D:3      | Found a glowing golden altar of the Shining One.
  2291 | D:3      | Found Ninaoqoe's Vocational Training.
  2495 | D:4      | Found a white marble altar of Elyvilon.
  2495 | D:4      | Found a transporter.
  2495 | D:4      | Noticed a centaur
  2501 | D:4      | Found a transporter.
  2513 | D:4      | Found a radiant altar of Vehumet.
  2523 | D:4      | Reached XP level 6. HP: 49/49 MP: 6/6
  2773 | D:4      | Reached skill level 6 in Long Blades
  3208 | D:4      | Noticed Menkaure
  3227 | D:4      | Killed Menkaure
  3228 | D:4      | Reached skill level 5 in Fighting
  3354 | D:4      | Reached XP level 7. HP: 43/56 MP: 7/7
  3514 | D:4      | Mangled by a gnoll

Illustrated notes

Levels and vault maps discovered:
D:1:      ncdulo_lavacross, layout_loops_ring, basic_ecumenical_altar
D:2:      layout_loops_ring, serial_forest, infiniplex_forest_zigzag_1,
          infiniplex_forest_lined_1, infiniplex_forest_clump_cross,
          infiniplex_forest_pool, infiniplex_forest_lined_ring,
          nicolae_grassy_gnolls
D:3:      layout_rooms, gammafunk_temple_overflow_wave,
          nicolae_tso_besieged_by_evil, serial_bayou_lagoon_a,
          nicolae_shop_vocational
D:4:      cheibrodos_thug_alley, layout_layer_cave, fedhas_altar_2,
          gammafunk_temple_overflow_arena, general_overflow_altar,
          nicolae_vehumet_radiance, lightli_temple_of_fire, uniq_menkaure

Skill      XL: |  1  2  3  4  5  6 |
---------------+-------------------+-----
Long Blades    | 4 5 6 |  6.8
Fighting       | 4 5 |  5.3
Armour         | 3 4 |  4.0
Dodging        | 3 |  3.6

Action                     |  1- 3 |  4- 6 |  7- 9 || total
---------------------------+-------+-------+-------++-------
  Melee: Falchion          |    94 |   177 |    41 ||   312
         Punch             |     1 |     6 |       ||     7
 Invoke: Berserk           |     1 |     5 |       ||     6
    Use: Potion            |       |     1 |       ||     1
   Stab: Sleeping          |     2 |       |       ||     2
 Armour: Animal skin       |    44 |    96 |    35 ||   175
  Dodge: Dodged            |    53 |   108 |    33 ||   194
